 Dungeon Crawl Stone Soup version 0.31-a0-986-g5e6e4ef867 (webtiles) character file.

Game seed: 10624539982920562337

59671 Forgeling the Earth Mage (level 14, -3/83 (99) HPs)
             Began as an Octopode Earth Elementalist on Nov 11, 2023.
             Was a High Priest of Ru.
             Slain by a black draconian
             ... wielding a +0 trident
              (10 damage)
             ... on level 3 of the Abyss on Nov 12, 2023.
             The game lasted 01:32:18 (27461 turns).

Forgeling the Earth Mage (OpEE)                    Turns: 27461, Time: 01:32:18

HP:   -3/83 (99)    AC:  3    Str:  5 (6)  XL:     14   Next: 96%
MP:   9/29          EV: 21    Int: 18 (20) God:    Ru [*****.]
Gold: 1992          SH:  6    Dex: 17 (18) Spells: 16/35 levels left

rFire   + . .        z - +6 war axe (drain)
rCold   + . .        u - +1 buckler
rNeg    . . .        R - +2 hat
rPois   +            S - amulet of magic regeneration
rElec   .            k - ring of resist corrosion
rCorr   +            a - ring of protection from cold
SInv    .            b - +5 ring of evasion
Will    +....        s - +6 ring of dexterity Stlth
                     n - ring of protection from fire
HPRegen 0.33/turn    o - ring of poison resistance
MPRegen 0.61/turn    O - ring of protection from cold
                     r - ring of protection from fire

%: no passive effects
@: exhausted, studying 2 skills, heavily drained
A: almost no armour, amphibious, 8 rings, camouflage 1, screaming 1, gelatinous
body 1, no stealth, hated by all, temperature sensitive, (nimble swimmer 1),
tentacles, [deterioration 1], [dopey 1], [weak 1], [subdued magic 2], [inability
to read after injury 1]
a: Renounce Religion, Draw Out Power, Power Leap, Apocalypse


You were on level 3 of the Abyss.
You worshipped Ru.
Ru was extremely pleased with you.
You visited 2 branches of the dungeon, and saw 20 of its levels.
You visited the Abyss 1 time.
You also visited: Bailey.

You collected 1992 gold pieces.

Inventory:

Hand Weapons
 z - a +6 war axe of draining (weapon)
Missiles
 t - 37 poisoned darts
 I - 6 curare-tipped darts
Armour
 u - a +1 buckler (worn)
 R - a +2 hat (worn)
Magical Staves
 f - a staff of poison
Jewellery
 a - a ring of protection from cold (right tentacle)
 b - a +5 ring of evasion (on tentacle)
 k - a ring of resist corrosion (left tentacle)
 l - a ring of ice
 n - a ring of protection from fire (on tentacle)
 o - a ring of poison resistance (on tentacle)
 r - a ring of protection from fire (on tentacle)
 s - a +6 ring of dexterity (on tentacle)
 L - a ring of flight
 O - a ring of protection from cold (on tentacle)
 S - an amulet of magic regeneration (around mantle)
Wands
 d - a wand of digging (12)
 h - a wand of light (6)
 i - a wand of iceblast (3)
 j - a wand of polymorph (11)
 y - a wand of mindburst (7)
Scrolls
 c - 3 scrolls of amnesia {unknown}
 g - 4 scrolls of enchant armour
 m - 3 scrolls of enchant weapon
 p - 2 scrolls of fog {unknown}
 q - 2 scrolls of immolation {unknown}
 v - a scroll of summoning {unknown}
 x - a scroll of poison {unknown}
 E - 2 scrolls of fear
 V - 3 scrolls of vulnerability
 X - 2 scrolls of revelation {@r4}
 Y - a scroll of teleportation {@r3}
Potions
 A - 2 potions of attraction
 B - 5 potions of brilliance
 C - 2 potions of enlightenment
 F - a potion of cancellation {unknown}
 G - a potion of ambrosia
 H - 5 potions of haste
 J - 5 potions of curing {@q1}
 K - 2 potions of resistance {unknown}
 M - 3 potions of might
 N - 2 potions of heal wounds {@q2}
 P - a potion of degeneration {unknown}
 Q - a potion of magic
 T - 2 potions of berserk rage
 U - 3 potions of mutation
 W - 2 potions of lignification


   Skills:
 - Level 10.0 Fighting
 - Level 7.0 Dodging
 - Level 4.0 Shields
 + Level 11.1 Spellcasting
 - Level 1.0 Transmutations
 - Level 15.0 Earth Magic
 - Level 10.0 Poison Magic
 - Level 10.0 Evocations


You had 16 spell levels left.
You knew the following spells:

 Your Spells              Type           Power      Damage    Failure   Level
a - Sandblast             Erth           80%        2d17      0%          1
c - Cigotuvi's Dreadful   Necr/Pois/Air  26%        N/A       2%          2
d - Mephitic Cloud        Conj/Pois/Air  13%        N/A       6%          3
g - Ignite Poison         Fire/Tmut/Pois 14%        N/A       5%          3
u - Passwall              Tmut/Erth      20%        N/A       1%          2
v - Lee's Rapid Deconstr  Erth           20%        3d12*     1%          5
x - Stone Arrow           Conj/Erth      46%        3d9       1%          3

Your spell library contained the following spells:

 Spells                   Type           Power      Damage    Failure   Level
 Petrify                  Tmut/Erth      24%        N/A       2%          4
 Brom's Barrelling Bould  Conj/Erth      23%        2d4       3%          4
 Magic Dart               Conj           24%        1d4       8%          1
 Slow                     Hex            24%        N/A       8%          1
 Blink                    Tloc           12%        N/A       13%         2
 Ensorcelled Hibernation  Hex/Ice        12%        N/A       13%         2
 Jinxbite                 Hex            12%        N/A       13%         2
 Lesser Beckoning         Tloc           12%        N/A       13%         2
 Momentum Strike          Conj/Tloc      12%        3d8       13%         2
 Static Discharge         Conj/Air       12%        3-4/arc   13%         2
 Confusing Touch          Hex            6%         N/A       28%         3
 Inner Flame              Hex/Fire       6%         N/A       28%         3
 Sigil of Binding         Hex            6%         N/A       28%         3
 Vampiric Draining        Necr           6%         2d6       28%         3
 Airstrike                Air            3%         2d(1-17)  69%         4
 Anguish                  Hex/Necr       3%         N/A       69%         4
 Dispel Undead            Necr           6%         3d8       69%         4
 Flame Wave               Conj/Fire      6%         2d5       69%         4
 Sticky Flame             Conj/Fire      6%         2d3       69%         4
 Fireball                 Conj/Fire      3%         3d4       96%         5
 Freezing Cloud           Conj/Ice/Air   3%         6-21      96%         5
 Iskenderun's Battlesphe  Conj           6%         2d6       96%         5
 Conjure Ball Lightning   Conj/Air       3%         3x3d6     100%        6
 Orb of Destruction       Conj           3%         9d5       100%        7
 Lehudib's Crystal Spear  Conj/Erth      11%        10d4      100%        8
 Shatter                  Erth           20%        3d18*     100%        9
 Call Imp                 Summ           Unusable   N/A       N/A         2
 Summon Guardian Golem    Hex/Summ       Unusable   N/A       N/A         3
 Summon Lightning Spire   Summ/Air       Unusable   N/A       N/A         4
 Summon Forest            Summ/Tloc      Unusable   N/A       N/A         5
 Summon Mana Viper        Hex/Summ       Unusable   N/A       N/A         5
 Death Channel            Necr           Unusable   N/A       N/A         6
 Summon Cactus Giant      Summ           Unusable   N/A       N/A         6
 Spellforged Servitor     Conj/Summ      Unusable   N/A       N/A         7

Dungeon Overview and Level Annotations

Branches:
Dungeon (15/15)            Temple (0/1) D:7            Lair (5/5) D:8
  Swamp (0/4) Lair:3        Snake (0/4) Lair:3        Slime (0/5) Lair:4
    Orc (0/2) D:12         Vaults (0/5) D:13         Bailey (visited)
 Depths: D:15

Altars:
Cheibriados
Dithmenos
Elyvilon
Makhleb
Nemelex Xobeh
Qazlal
Ru
Sif Muna
Trog
Uskayaw
Vehumet
Xom
The Shining One
Lugonu

Shops:
D:11 *

Annotations:
D:9 2 transporters, DocClef's ghost, novice TrSh
D:13 2 transporters
Lair:4 Godezusi's ghost, journeyman DsFi


Innate Abilities, Weirdness & Mutations

You cannot wear most types of armour.
You are amphibious.
You can wear up to eight rings at the same time.
Your skin changes colour to match your surroundings (Stealth+).
You occasionally shout uncontrollably at your foes.
Your rubbery body absorbs attacks. (AC +1, EV +1)
You cannot be stealthy.
You are hated by all.
You are sensitive to extremes of temperature. (rF-, rC-)
((You are camouflaged when in or above water. (Stealth+)))
You have tentacles for arms and can constrict up to eight enemies at once.
[Your body sometimes deteriorates upon taking damage.]
[You are dopey. (Int -2)]
[You are weak. (Str -2)]
[Your spells are easier to cast, but less powerful.]
[You occasionally lose the ability to read scrolls when taking damage.]


Message History

You destroy the starcursed mass!
The blast of crystal shards hits the starcursed mass!!
You destroy the starcursed mass!
Casting: Lee's Rapid Deconstruction (mildly dangerous; 1% risk of failure)
Confirm with . or Enter, or press ? or * to list all spells.
Aiming: Lee's Rapid Deconstruction (mildly dangerous; 1% risk of failure)
Press: ? - help, Dir - move target A crystal wall.
The crystal wall shatters!
The blast of crystal shards hits the starcursed mass!!
You destroy the starcursed mass!
You feel the corruption within you wane somewhat.
You lose the ability to read scrolls when taking damage less often.
Press: ? - help, v - describe, . - travel
Here: a black draconian, wielding a +0 trident The floor.
Unknown command.
Aiming: Mindburst
Press: ? - help, Shift-Dir - straight line, f - black draconian
Aim: a black draconian, wielding a +0 trident (chance to affect: 80%)
The black draconian's mind is blasted!!
A small abomination comes into view.
The black draconian hits you with a +0 trident!
* * * LOW HITPOINT WARNING * * *
Your body deteriorates!
You feel dopey.
Aiming: Mindburst
Press: ? - help, Shift-Dir - straight line, f/p - black draconian
Aim: a black draconian, wielding a +0 trident (moderately wounded, chance to affect: 80%)
The black draconian's mind is blasted!!
The black draconian breathes lightning at you.
The bolt of lightning hits you!!
* * * LOW HITPOINT WARNING * * *
Your body deteriorates!
You feel dopey.
You hear a bellow!
You hear a croak.
You hear a roar!
You hear a shout!
Aiming: Mindburst
Press: ? - help, Shift-Dir - straight line, f/p - black draconian
Aim: a black draconian, wielding a +0 trident (severely wounded, catching its breath, chance to affect: 80%)
The black draconian's mind is blasted!!
The black draconian hits you with a +0 trident!
You die...

..# . .. ..
# # . .#.
## #..#
##.## ##.#.
#.#d#x.....
# #@....# .
#.####.# #.
#. #. .. #
#.# #. ##


You could see a black draconian (catching breath) and a small abomination.

Vanquished Creatures
  A tentacled starspawn (Abyss:2)
  Gastronok (D:10)
  A very ugly thing (Abyss:2)
  A fire dragon (D:14)
  A hydra (Lair:2)
  Harold (D:9)
  An ogre mage (D:13)
  Erica (Lair:2)
  4 two-headed ogres
  3 boulder beetles
  8 death yaks
  An orc high priest (Bailey)
  2 skysharks (Lair:4)
  2 wretched stars (Abyss:2)
  A large abomination (Abyss:2)
  Sonja (Lair:2)
  A bog body (Lair:3)
  A lindwurm (Lair:2)
  A glowing orange brain (Abyss:2)
  3 ugly things
  An orc knight (D:13)
  A deep elf pyromancer (D:15)
  2 moths of wrath (Lair:4)
  3 manticores
  A black mamba (Lair:3)
  3 cyclopes
  A torpor snail (Lair:1)
  An apocalypse crab (Abyss:2)
  5 cane toads
  2 gargoyles
  2 rime drakes
  9 komodo dragons
  Psyche (D:8)
  2 unseen horrors
  2 tengu conjurers (D:14)
  3 kobold demonologists
  4 yaktaurs (D:13)
  6 trolls
  4 hornets
  2 polar bears (Lair:1)
  A hellwing (Abyss:2)
  8 blink frogs
  Sigmund (D:2)
  3 shadows
  4 spriggans (Lair:4)
  2 wraiths
  A ynoxinul (Abyss:2)
  3 vampires
  5 wyverns
  2 basilisks
  38 yaks
  4 starcursed masses (Abyss:3)
  A steam dragon (Lair:1)
  9 vampire mosquitoes
  3 nagas (Lair:3)
  An acid dragon (D:11)
  6 water moccasins
  16 orc warriors
  4 sky beasts
  2 ice beasts (D:6)
  2 black bears
  4 small abominations (Abyss:2)
  4 wolves (Lair:2)
  2 centaurs
  3 ogres
  2 phantoms
  Blork the orc (D:4)
  13 bullfrogs
  5 kobold brigands
  2 scorpions
  2 gnoll sergeants
  8 wights
  11 killer bees
  3 howler monkeys
  6 electric eels (Bailey)
  A quasit (Abyss:2)
  2 jellies
  4 iron imps
  10 orc priests
  Crazy Yiuf (D:4)
  A hound (D:4)
  2 sleepcaps
  Ijyb (D:3)
  2 iguanas
  Natasha (thrice) (D:3)
  12 orc wizards
  16 gnolls
  9 adders
  2 white imps (D:6)
  8 ufetubi
  3 worms
  3 dart slugs
  73 orcs
  5 ball pythons
  8 endoplasms
  3 giant cockroaches
  19 goblins
  10 hobgoblins
  12 jackals
  17 kobolds
  8 bats
  4 frilled lizards
  6 rats
  2 starspawn tentacles
520 creatures vanquished.

Vanquished Creatures (others)
  An entropy weaver (shapeshifter) (D:14)
  A wolf (Lair:2)
  A small abomination (Abyss:2)
  6 starspawn tentacles
9 creatures vanquished.

Grand Total: 529 creatures vanquished

Notes
Turn   | Place    | Note
-------+----------+-------------------------------------------
     0 | D:1      | Forgeling the Octopode Earth Elementalist began the quest
                  | for the Orb.
     0 | D:1      | Reached XP level 1. HP: 11/11 MP: 3/3
   231 | D:1      | Reached XP level 2. HP: 17/17 MP: 3/5
   646 | D:1      | Learned a level 2 spell: Passwall
   744 | D:2      | Reached skill level 4 in Earth Magic
   771 | D:2      | Reached XP level 3. HP: 21/21 MP: 2/6
  1221 | D:2      | Reached XP level 4. HP: 27/27 MP: 5/7
  1471 | D:2      | Reached skill level 5 in Earth Magic
  1613 | D:2      | Noticed Sigmund
  2070 | D:3      | Noticed Natasha
  2072 | D:3      | Killed Natasha
  2122 | D:3      | Reached XP level 5. HP: 31/31 MP: 6/8
  2154 | D:3      | Found a hide-covered altar of Uskayaw.
  2154 | D:3      | Found a sacrificial altar of Ru.
  2157 | D:3      | Became a worshipper of Ru the Awakened
  2354 | D:3      | Noticed Ijyb
  2391 | D:3      | Learned a level 3 spell: Stone Arrow
  2425 | D:3      | Noticed a phantom
  2568 | D:3      | Killed a phantom
  2569 | D:3      | Reached XP level 6. HP: 22/36 MP: 3/9
  2741 | D:3      | Noticed Natasha
  2744 | D:3      | Killed Natasha
  2745 | D:3      | Reached skill level 6 in Earth Magic
  2770 | D:3      | Noticed Natasha
  2772 | D:3      | Killed Natasha
  2792 | D:3      | Paralysed by Ijyb for 4 turns
  2796 | D:3      | Killed Ijyb
  3079 | D:4      | Found a shimmering altar of Xom.
  3079 | D:4      | Found a shimmering altar of Xom.
  3080 | D:4      | Found a shimmering altar of Xom.
  3081 | D:4      | Found a shimmering altar of Xom.
  3081 | D:4      | Found a shimmering altar of Xom.
  3081 | D:4      | Noticed Blork the orc
  3103 | D:4      | Found a stormy altar of Qazlal.
  3104 | D:4      | Noticed a fire elemental
  3105 | D:4      | Noticed an air elemental
  3105 | D:4      | Noticed a water elemental
  3214 | D:4      | Found a runed translucent door.
  3215 | D:4      | Noticed Crazy Yiuf
  3268 | D:4      | Reached skill level 5 in Stealth
  3268 | D:4      | Reached XP level 7. HP: 24/41 MP: 3/10
  3547 | D:4      | Gained mutation: You are sensitive to extremes of
                  | temperature. (rF-, rC-) [Ru sacrifice]
  3547 | D:4      | Reached * piety under Ru
  3547 | D:4      | Reached ** piety under Ru
  3827 | D:5      | Entered Level 5 of the Dungeon
  3842 | D:5      | Found a radiant altar of Vehumet.
  4528 | D:5      | Found a shimmering blue altar of Sif Muna.
  4568 | D:5      | Reached skill level 7 in Earth Magic
  4998 | D:6      | Reached XP level 8. HP: 17/46 MP: 6/12
  5479 | D:6      | Reached skill level 8 in Earth Magic
  5644 | D:6      | Found a snail-covered altar of Cheibriados.
  5656 | D:6      | Reached skill level 1 in Evocations
  5769 | D:6      | Learned a level 3 spell: Ignite Poison
  5773 | D:6      | Learned a level 3 spell: Mephitic Cloud
  5998 | D:6      | Reached skill level 1 in Poison Magic
  6080 | D:7      | Paralysed by an orc for 2 turns
  6240 | D:7      | Reached XP level 9. HP: 37/51 MP: 6/15
  6243 | D:7      | Found a flagged portal.
  6257 | D:7      | Identified the +0 ring mail "Gen Pon" {SInv}
  6270 | D:7      | Paralysed by an orc for 4 turns
  6347 | Bailey   | Entered a bailey
  6388 | Bailey   | Reached skill level 9 in Earth Magic
  6516 | Bailey   | Noticed an orc high priest
  6659 | Bailey   | Reached skill level 5 in Poison Magic
  6828 | Bailey   | Killed an orc high priest
  6829 | Bailey   | Reached skill level 10 in Earth Magic
  7064 | Bailey   | Found an iron altar of Okawaru.
  7066 | Bailey   | Noticed a kobold demonologist
  7166 | Bailey   | Reached skill level 5 in Fighting
  7166 | Bailey   | Reached XP level 10. HP: 66/66 MP: 15/19
  7187 | Bailey   | Killed a kobold demonologist
  7188 | Bailey   | Reached XP level 11. HP: 72/72 MP: 14/20
  7242 | Bailey   | Reached skill level 10 in Poison Magic
  7838 | D:7      | Noticed a manticore
  7841 | D:7      | Killed a manticore
  7977 | D:7      | Found a staircase to the Ecumenical Temple.
  8208 | D:7      | Acquired 785 gold pieces
  8210 | D:7      | Identified the of Tevvumob (You acquired it on level 7 of
                  | the Dungeon)
  8210 | D:7      | Acquired the Directory of Oxidation and Topomancy
  8218 | D:7      | Learned a level 5 spell: Lee's Rapid Deconstruction
  8333 | D:2      | Killed Sigmund
  8433 | D:4      | Killed Crazy Yiuf
  8548 | D:4      | Found a shimmering altar of Xom.
  8548 | D:4      | Found a shimmering altar of Xom.
  8549 | D:4      | Found a shimmering altar of Xom.
  8557 | D:4      | Killed Blork the orc
  8887 | D:8      | Gained mutation: You cannot be stealthy. [Ru sacrifice]
  8887 | D:8      | Reached *** piety under Ru
  8972 | D:8      | Reached skill level 5 in Evocations
  9003 | D:8      | Found a staircase to the Lair.
  9286 | D:8      | Noticed Psyche
  9295 | D:8      | Killed Psyche
  9417 | D:8      | Found a blossoming altar of Fedhas.
  9609 | D:8      | Found a sparkling altar of Nemelex Xobeh.
  9961 | D:9      | Noticed a manticore
  9967 | D:9      | Killed a manticore
 10003 | D:9      | Noticed Harold
 10123 | D:9      | Found a burning altar of Makhleb.
 10336 | D:9      | Noticed DocClef's ghost (novice TrSh)
 10344 | D:9      | Found a transporter.
 10349 | D:9      | Found a transporter.
 10584 | D:9      | Found a white marble altar of Elyvilon.
 10661 | D:9      | Killed Harold
 10797 | D:9      | Found a shadowy altar of Dithmenos.
 10831 | D:9      | Found a hazy altar of Hepliaklqana.
 10978 | D:9      | Found a glowing golden altar of the Shining One.
 11238 | D:10     | Entered Level 10 of the Dungeon
 11466 | D:10     | Noticed a two-headed ogre
 11469 | D:10     | Killed a two-headed ogre
 11580 | D:10     | Reached XP level 12. HP: 61/82 MP: 12/24
 12159 | D:10     | Noticed Gastronok
 12168 | D:10     | Killed Gastronok
 12169 | D:10     | Reached skill level 11 in Earth Magic
 13399 | D:11     | Found Qoehupt's Changing Room.
 13512 | D:11     | Reached skill level 12 in Earth Magic
 13849 | D:11     | You fall into a shaft and drop 2 floors!
 13849 | D:13     | Identified the "Nuzxappe"
 13893 | D:12     | Noticed a two-headed ogre
 13895 | D:12     | Killed a two-headed ogre
 14053 | D:12     | Noticed a boulder beetle
 14067 | D:12     | Killed a boulder beetle
 14191 | D:12     | Found a bloodstained altar of Trog.
 14272 | D:12     | Reached skill level 13 in Earth Magic
 15404 | D:12     | Noticed a boulder beetle
 15571 | D:12     | Killed a boulder beetle
 15792 | D:12     | Noticed a two-headed ogre
 15829 | D:12     | Killed a two-headed ogre
 15830 | D:12     | Reached skill level 14 in Earth Magic
 15833 | D:12     | Reached XP level 13. HP: 60/88 MP: 0/25
 16073 | D:12     | Found a staircase to the Orcish Mines.
 16246 | Lair:1   | Entered Level 1 of the Lair of Beasts
 17367 | Lair:1   | Reached skill level 15 in Earth Magic
 17426 | Lair:1   | Learned a level 2 spell: Cigotuvi's Dreadful Rot
 18559 | Lair:2   | Noticed Sonja
 18563 | Lair:2   | Noticed Erica
 18573 | Lair:2   | HP: 1/89 [Erica/+3 scimitar of flaming (8)]
 19082 | Lair:2   | Killed Sonja
 19083 | Lair:2   | Reached skill level 5 in Dodging
 19207 | Lair:2   | Killed Erica
 20305 | Lair:3   | Found a staircase to the Snake Pit.
 20654 | Lair:3   | Found a staircase to the Swamp.
 21505 | Lair:3   | Reached XP level 14. HP: 97/97 MP: 11/27
 21787 | Lair:4   | Found a staircase to the Slime Pits.
 21789 | Lair:4   | Found a viscous altar of Jiyva.
 21951 | Lair:4   | Found a transporter.
 21959 | Lair:4   | Found a transporter.
 21968 | Lair:4   | Found a bloodstained altar of Trog.
 21980 | Lair:4   | Noticed Godezusi's ghost (journeyman DsFi)
 22372 | Lair:4   | Reached skill level 10 in Fighting
 22656 | Lair:5   | Identified the "Wiqehuwi"
 22656 | Lair:5   | Entered Level 5 of the Lair of Beasts
 22996 | Lair:5   | Reached skill level 10 in Spellcasting
 24293 | D:13     | Reached skill level 1 in Shields
 24404 | D:12     | Gained mutation: You are hated by all. [Ru sacrifice]
 24404 | D:12     | Reached **** piety under Ru
 24682 | D:13     | Found a transporter.
 24790 | D:13     | Found a corrupted altar of Lugonu.
 24791 | D:13     | Found a transporter.
 24792 | D:13     | Noticed a tentacled starspawn
 25072 | D:13     | Found a gate to the Vaults.
 25520 | D:14     | Found a glowing golden altar of the Shining One.
 25529 | D:14     | Noticed Nessos
 25530 | D:14     | Nessos changed into something unseen
 25535 | D:14     | Killed Nessos the unseen horror
 26381 | D:15     | Entered Level 15 of the Dungeon
 26450 | Abyss:2  | Cast into level 2 of the Abyss (an occultist)
 26497 | Abyss:2  | Noticed a cacodemon
 26504 | Abyss:2  | Found a corrupted altar of Lugonu.
 26598 | Abyss:2  | Noticed a tentacled starspawn
 26603 | Abyss:2  | Killed a tentacled starspawn
 26685 | Abyss:2  | Reached skill level 10 in Evocations
 26795 | Abyss:2  | Found a corrupted altar of Lugonu.
 27149 | Abyss:2  | Paralysed by an apocalypse crab for 4 turns
 27205 | Abyss:2  | Noticed a brown very ugly thing
 27213 | Abyss:2  | Killed a brown very ugly thing
 27261 | Abyss:3  | Noticed a tentacled starspawn
 27265 | Abyss:3  | Noticed a starcursed mass
 27290 | Abyss:3  | Found a corrupted altar of Lugonu.
 27318 | Abyss:3  | Noticed a starcursed mass
 27329 | Abyss:3  | Mutation became permanent: You occasionally shout
                  | uncontrollably at your foes. [Ru sacrifice]
 27329 | Abyss:3  | Gained mutation: You occasionally shout uncontrollably at
                  | your foes. [Ru sacrifice]
 27329 | Abyss:3  | Reached ***** piety under Ru
 27333 | Abyss:3  | Noticed a tentacled starspawn
 27337 | Abyss:3  | Found a corrupted altar of Lugonu.
 27342 | Abyss:3  | Paralysed by accursed screaming for 2 turns
 27447 | Abyss:3  | Noticed a starcursed mass
 27451 | Abyss:3  | Noticed a black draconian
 27461 | Abyss:3  | Slain by a black draconian

Illustrated notes

Levels and vault maps discovered:
D:1:      dpeg_arrival_rhombi, layout_loops_ring
D:2:      layout_loops_corners, uniq_sigmund
D:3:      layout_rooms, gammafunk_temple_overflow_elements, uniq_natasha,
          uniq_ijyb
D:4:      layout_loops_ring, xom_redecorated, nicolae_qazlal_style_of_elements,
          uniq_crazy_yiuf_cottage, uniq_blork_the_orc
D:5:      layout_basic, lemuel_round_altar, lemuel_coloured_pillars_altar,
          chequers_serial_rivers_micro_b, nicolae_figureground_pulse
D:6:      layout_basic, cheibrodos_worm_habitat, nicolae_figureground_sparkle
D:7:      layout_rooms, minmay_temple_entry_poolview, enter_bailey_3,
          grunt_decor_arrowhead
D:8:      layout_gridville, general_overflow_altar,
          mainiacjoe_overflow_alcove_1, david_lair_shrubbed, uniq_psyche
D:9:      layout_roguey, mainiacjoe_overflow_paths, demons_altar,
          nicolae_overflow_hidden_temple, elyvilon_altar_4, kennysheep_mini,
          gammafunk_ghost_hive, minmay_parallelograms, uniq_harold
D:10:     layout_stronghold, uniq_gastronok
D:11:     layout_basic, dk_noncrumbling_4, nicolae_transmutations_shop
D:12:     layout_loops_cross, hiddenorc2_lemuel, tgw_trog
D:13:     gammafunk_corrupted_shrine, layout_long_grid,
          hangedman_vaults_entry_quadrant_bands, nrook_loot_triangle
D:14:     layout_loops_ring, tso_metal_star, kennysheep_generic_room_9,
          uniq_nessos
D:15:     hellmonk_depths_entry_around_the_bend, layout_loops_cross,
          basic_altar, minivault_27, uniq_jorgrun, uniq_rupert
Lair:1:   layout_cave_pods, serial_bayou_shore_a, grunt_megastairs_4
Lair:2:   layout_roguey, uniq_erica, uniq_sonja
Lair:3:   layout_misc_corridors, skrybe_swamp_entry_bodies,
          nicolae_snake_entry_squirm, minmay_holes, grunt_megastairs_5
Lair:4:   layout_cave_shapes, slime_entry_1, gammafunk_ghost_wrathful_warriors
Lair:5:   gammafunk_lair_ancient_temple, layout_cave_pods,
          lightli_volcano_entry_magma_tube, serial_bayou_shore_b
Abyss:3:  base: D:12, hangedman_eye_storm, due_exit_kobolds,
          evilmike_abyss_exit_kraken

Skill      XL: |  1  2  3  4  5  6  7  8  9 10 11 12 13 14 |
---------------+-------------------------------------------+-----
Earth Magic    | 4 5 6 7 8 10 14 15 | 15.0
Stealth        | 3 5 6 8 0 |  0.0
Dodging        | 3 4 6 7 |  7.0
Spellcasting   | 4 6 8 9 11 | 11.1
Evocations     | 2 4 7 10 | 10.0
Poison Magic   | 3 9 10 | 10.0
Fighting       | 5 8 9 10 | 10.0
Shields        | 4 |  4.0
Transmutations | |  1.0

Action                     |  1- 3 |  4- 6 |  7- 9 | 10-12 | 13-15 || total
---------------------------+-------+-------+-------+-------+-------++-------
  Melee: Unarmed           |    13 |       |       |       |       ||    13
         Constrict         |     5 |     1 |     1 |    49 |    19 ||    75
         Tentacles         |     3 |     1 |     3 |    56 |    29 ||    92
         Staff             |       |     4 |       |       |       ||     4
         Quarterstaff      |       |     1 |     4 |     4 |       ||     9
         War axe           |       |       |       |   210 |   125 ||   335
         Punch             |       |       |       |     6 |     3 ||     9
  Throw: Dart              |       |       |       |     1 |     6 ||     7
   Cast: Sandblast         |    39 |    97 |   172 |    67 |     9 ||   384
         Passwall          |       |       |     2 |     1 |       ||     3
         Mephitic Cloud    |       |       |     4 |    45 |    36 ||    85
         Ignite Poison     |       |       |       |    32 |    20 ||    52
         Lee's Rapid Decon |       |       |       |    49 |   168 ||   217
         Stone Arrow       |       |       |       |     5 |   116 ||   121
 Invoke: Sacrifice Resista |       |       |     1 |       |       ||     1
         Reject Sacrifices |       |       |       |     1 |     1 ||     2
         Sacrifice Stealth |       |       |       |     1 |       ||     1
         Draw Out Power    |       |       |       |       |     6 ||     6
         Power Leap        |       |       |       |       |     3 ||     3
         Sacrifice Purity  |       |       |       |       |     1 ||     1
         Sacrifice Love    |       |       |       |       |     1 ||     1
  Evoke: Wand              |       |       |     2 |    14 |    24 ||    40
    Use: Scroll            |     3 |     3 |     2 |     7 |    22 ||    37
         Potion            |     1 |       |     1 |       |     3 ||     5
   Stab: Paralysed         |       |       |       |     8 |       ||     8
         Confused          |       |       |       |     8 |     3 ||    11
         Sleeping          |       |       |       |     5 |       ||     5
         Distracted        |       |       |       |     1 |       ||     1
         Invisible         |       |       |       |     1 |       ||     1
 Armour: Skin              |    13 |    40 |    50 |   130 |   169 ||   402
  Dodge: Dodged            |    20 |    38 |   103 |   273 |   311 ||   745
  Block: Buckler           |       |       |       |       |    36 ||    36
   Form: Beast             |       |       |       |     1 |       ||     1
                           |       |       |       |     1 |       ||     1

Table legend: (Time is in decaauts)
 A = Elapsed time spent in this place.
 B = Non-inter-level travel time spent in this place.
 C = Inter-level travel time spent in this place.
 D = Time resting spent in this place.
 E = Time spent auto-exploring this place.
 F = Levels seen in this place.
 G = Mean time per level.
                   A        B        C        D        E       F      G
               +--------+--------+--------+--------+--------+-----+--------+
         Total |  27902 |  26267 |   1635 |   3077 |  17345 |  23 | 1213.1 |
       Dungeon |  17875 |  16576 |   1299 |   1153 |  12240 |  15 | 1191.7 |
          Lair |   7749 |   7413 |    336 |   1094 |   4897 |   5 | 1549.8 |
         Abyss |   1025 |   1025 |      0 |    466 |      0 |   2 |  512.5 |
        Bailey |   1251 |   1251 |      0 |    364 |    208 |   1 | 1251.0 |
               +--------+--------+--------+--------+--------+-----+--------+

Top non-repeatable levels by time:
  Lair:1: 2351 daAuts
    D:12: 2086 daAuts
  Lair:4: 1941 daAuts
    D:10: 1865 daAuts
  Lair:2: 1857 daAuts
     D:8: 1506 daAuts
     D:2: 1444 daAuts
  Lair:3: 1434 daAuts
     D:9: 1410 daAuts
     D:4: 1337 daAuts
    D:11: 1290 daAuts
  Bailey: 1251 daAuts
    D:14: 1199 daAuts
     D:5: 1194 daAuts
     D:6: 1089 daAuts
